 Dungeon Crawl Stone Soup version 0.31.0-32-g396128a36d (webtiles) character file.

Game seed: 16381172213268154899

254 spaghetti the Digger (level 5, -1/35 HPs)
             Began as a Demonspawn Earth Elementalist on Mar 11, 2024.
             Was an Initiate of Ru.
             Succumbed to a kobold brigand's curare-tipped dart
             ... in a sewer.
             The game lasted 00:05:09 (3191 turns).

spaghetti the Digger (DsEE)                         Turns: 3191, Time: 00:05:10

Health: -1/35      AC:  5    Str:  7    XL:     5   Next: 91%
Magic:  4/7        EV: 12    Int: 22    God:    Ru [......]
Gold:   137        SH:  0    Dex: 12    Spells: 3/8 levels left

rFire   . . .        g - +2 club (spect)
rCold   . . .        (no shield)
rNeg    . . .        a - +1 robe
rPois   .            (no helmet)
rElec   .            (no cloak)
rCorr   .            (no gloves)
SInv    .            (no boots)
Will    .....        (no amulet)
Stlth   +            (no ring)
HPRegen 0.25/turn    (no ring)
MPRegen 0.10/turn

%: no passive effects
@: lethally poisoned (-1 -> -3), slowed, very slow
A: slimy green scales 1, foul stench 1, screaming 1, demonic touch 1, clever 1,
low MP 1, persistent drain
a: Renounce Religion


You were in a sewer.
You worshipped Ru.
Ru was noncommittal.
You visited 1 branch of the dungeon, and saw 3 of its levels.
You also visited: Sewer.

You collected 137 gold pieces.

Inventory:

Hand Weapons
 g - a +2 spectral club (weapon)
Armour
 a - a +1 robe (worn)
Magical Staves
 h - a staff of death
Scrolls
 c - 4 scrolls of identify
 e - a scroll of poison
 i - 3 scrolls of enchant weapon {unknown}
 j - 2 scrolls of summoning {unknown}
 k - a scroll of enchant armour
Potions
 b - a potion of magic
 d - a potion of haste {unknown}
 f - a potion of mutation


   Skills:
 - Level 1.7 Dodging
 - Level 1.7 Stealth
 - Level 2.0 Spellcasting
 + Level 4.2 Conjurations
 + Level 4.6 Earth Magic


You had 3 spell levels left.
You knew the following spells:

 Your Spells              Type           Power      Damage    Failure   Level
a - Sandblast             Erth           44%        2d11      1%          1
b - Brom's Barrelling Bo  Conj/Erth      21%        2d4       22%         4

Your spell library contained the following spells:

 Spells                   Type           Power      Damage    Failure   Level
 Passwall                 Erth           22%        N/A       6%          3
 Stone Arrow              Conj/Erth      42%        3d9       7%          3
 Necrotise                Necr           8%         1d4       14%         1
 Vampiric Draining        Necr           2%         2d6       38%         3
 Petrify                  Alch/Erth      12%        N/A       45%         4
 Martyr's Knell           Necr/Summ      2%         N/A       80%         4
 Curse of Agony           Necr           2%         N/A       98%         5


Dungeon Overview and Level Annotations

Branches:
Dungeon (3/15)              Sewer (1/1)

Altars:
Ru

Annotations:
D:3 3 runed translucent doors, AbbaRin's ghost, amateur DECj


Innate Abilities, Weirdness & Mutations

You are partially covered in slimy green scales. (AC +2)
You may rarely emit foul miasma when damaged in melee.
You occasionally shout uncontrollably at your foes.
Your touch may inflict minor irresistible damage on your foes.
Your mind is acute. (Int +4, Str/Dex -1)
Your magical capacity is low. (-10% MP)
Your health recovers twice as slowly from being drained.


Message History

You are poisoned.
You have difficulty breathing.
You feel yourself slow down.
Things that are here:
a +0 short sword; 2 stones; a kobold corpse
Casting: Sandblast (safe; 1% risk of failure)
Confirm with . or Enter, or press ? or * to list all spells.
You can't see any susceptible monsters within range! (Use Z to cast anyway.) Unknown command.
Unknown command.
You feel extremely sick.
You see here a rat corpse.
Casting: Sandblast (safe; 1% risk of failure)
Confirm with . or Enter, or press ? or * to list all spells.
Aiming: Sandblast (safe; 1% risk of failure)
Press: ? - help, Shift-Dir - straight line, f - kobold brigand
Aim: a kobold brigand, wielding a +0 short sword and quivering curare-tipped darts (79% to hit)
The blast of sand hits the kobold brigand!
The kobold brigand is moderately wounded.
You feel very sick. The kobold brigand barely misses you.
The kobold brigand closely misses you.
Casting: Sandblast (safe; 1% risk of failure)
Confirm with . or Enter, or press ? or * to list all spells.
Aiming: Sandblast (safe; 1% risk of failure)
Press: ? - help, Shift-Dir - straight line, f/p - kobold brigand
Aim: a kobold brigand, wielding a +0 short sword and quivering curare-tipped darts (moderately wounded, 79% to hit)
The blast of sand hits the kobold brigand.
The kobold brigand is heavily wounded.
You feel very sick.
The kobold brigand hits you with a +0 short sword.
* * * LOW HITPOINT WARNING * * *
The kobold brigand hits you with a +0 short sword.
* * * LOW HITPOINT WARNING * * *
Casting: Sandblast (safe; 1% risk of failure)
Confirm with . or Enter, or press ? or * to list all spells.
Aiming: Sandblast (safe; 1% risk of failure)
Press: ? - help, Shift-Dir - straight line, f/p - kobold brigand
Aim: a kobold brigand, wielding a +0 short sword and quivering curare-tipped darts (heavily wounded, 79% to hit)
The blast of sand hits the kobold brigand.
The kobold brigand is severely wounded.
You die...

#.....####~∩.~.#####
#...~.~~))~.∩~~≈≈≈≈≈
#~.~.~####~...~#####
##~..## ##.~.## #
##~## ##≈## #~# #≈#
#~# #≈# #)# #≈# #@#
#≈# #.K.# .~. #
#.....# !...#####
#.....~~ ~≈≈≈≈≈
#...~~### #####
##..~## # ##.## #.#


You could see a kobold brigand.

Vanquished Creatures
  A kobold brigand (Sewer)
  Jessica (D:2)
  A gnoll (D:1)
  4 adders
  2 river rats (Sewer)
  2 dart slugs (D:1)
  3 ribbon worms
  5 orcs (D:3)
  3 bats (D:1)
  5 endoplasms
  5 giant cockroaches
  5 goblins
  9 hobgoblins
  3 quokkas
  8 ball pythons
  7 frilled lizards
  11 kobolds
  10 rats
85 creatures vanquished.

Vanquished Creatures (others)
  A boulder (D:3)
1 creature vanquished.

Grand Total: 86 creatures vanquished

Notes
Turn   | Place    | Note
-------+----------+-------------------------------------------
     0 | D:1      | spaghetti the Demonspawn Earth Elementalist began the quest
                  | for the Orb.
     0 | D:1      | Reached XP level 1. HP: 13/13 MP: 3/3
   193 | D:1      | Gained mutation: Your touch may inflict minor irresistible
                  | damage on your foes. [demonic ancestry]
   193 | D:1      | Reached XP level 2. HP: 19/19 MP: 0/5
   831 | D:1      | Reached XP level 3. HP: 6/24 MP: 1/6
  1329 | D:2      | Noticed Jessica
  1333 | D:2      | Killed Jessica
  1334 | D:2      | Gained mutation: You are partially covered in slimy green
                  | scales. (AC +2) [demonic ancestry]
  1334 | D:2      | Reached XP level 4. HP: 30/30 MP: 3/7
  2318 | D:3      | Learned a level 4 spell: Brom's Barrelling Boulder
  2397 | D:3      | Found a runed translucent gate.
  2398 | D:3      | Found a runed translucent gate.
  2399 | D:3      | Found a runed translucent gate.
  2401 | D:3      | Noticed AbbaRin's ghost (amateur DECj)
  2410 | D:3      | Noticed a shining eye
  2412 | D:3      | Found a faded altar of an unknown god.
  2414 | D:3      | Noticed a glass eye
  2414 | D:3      | Noticed an eye of devastation
  2414 | D:3      | Noticed a golden eye
  2431 | D:3      | Prayed at the altar of an unknown god.
  2431 | D:3      | Became a worshipper of Ru the Awakened
  2446 | D:3      | Gained mutation: You occasionally shout uncontrollably at
                  | your foes. [Ru sacrifice]
  2651 | D:3      | Found a glowing drain.
  2661 | D:3      | Gained mutation: You may rarely emit foul miasma when
                  | damaged in melee. [demonic ancestry]
  2661 | D:3      | Reached XP level 5. HP: 21/35 MP: 5/8
  2667 | Sewer    | Entered a sewer
  2705 | Sewer    | Gained mutation: Your health recovers twice as slowly from
                  | being drained. [potion of mutation]
  2705 | Sewer    | Gained mutation: Your magical capacity is low. (-10% MP)
                  | [potion of mutation]
  2705 | Sewer    | Gained mutation: Your mind is acute. (Int +4, Str/Dex -1)
                  | [potion of mutation]
  3190 | Sewer    | HP: 1/35 [kobold brigand/+0 short sword (6)]
  3191 | Sewer    | Succumbed to a kobold brigand's curare-tipped dart

Illustrated notes

Levels and vault maps discovered:
D:1:      eino_arrival_water_cross, layout_basic, serial_bayou_lagoon_a,
          minmay_octomino_e4
D:2:      layout_loops_cross, chequers_serial_rivers_marsh, chequers_avenue,
          uniq_jessica
D:3:      layout_basic, portal_sewer_entry_a,
          hellmonk_ecumenical_altar_watching_god, gammafunk_ghost_necromancy,
          hangedman_feature_mirror, minmay_pentomino_pile
Sewer:    sewer_co_15_rooms

Skill      XL: |  1  2  3  4  5 |
---------------+----------------+-----
Earth Magic    | 3 4 |  4.6
Conjurations   | 2 3 4 |  4.2
Dodging        | |  1.7
Stealth        | |  1.7
Spellcasting   | |  2.0

Action                     |  1- 3 |  4- 6 || total
---------------------------+-------+-------++-------
  Melee: Unarmed           |     1 |       ||     1
         Club              |       |    33 ||    33
   Cast: Sandblast         |    43 |    79 ||   122
         Brom's Barrelling |       |     2 ||     2
 Invoke: Sacrifice Purity  |       |     1 ||     1
    Use: Scroll            |       |     4 ||     4
         Potion            |       |     4 ||     4
 Armour: Robe              |     4 |    39 ||    43
  Dodge: Dodged            |     5 |    50 ||    55
